 Dungeon Crawl Stone Soup version 0.31-a0-455-g1a7b003ef0 (webtiles) character file.

Game seed: 3900780311974778292

479270 arthad the Impregnable (level 24, -1/166 HPs)
             Began as a Gargoyle Fighter on Aug 3, 2023.
             Was the Champion of Cheibriados.
             Slain by a deep troll shaman (5 damage)
             ... while paralysed by a floating eye
             ... on level 2 of the Depths on Aug 4, 2023.
             The game lasted 02:54:23 (76942 turns).

arthad the Impregnable (Gargoyle Fighter)          Turns: 76942, Time: 02:54:24

Health: -1/166     AC: 53    Str: 57    XL:     24   Next: 50%
Magic:  9/35       EV:  2    Int: 24    God:    Cheibriados [******]
Gold:   3633       SH:  0    Dex: 30    Spells: 23/23 levels left

rFire   + + .        a - +6 eveningstar (drain)
rCold   + + +        c - +2 tower shield {rPois}
rNeg    + . .        K - +4 chain mail {rF+}
rPois   ∞            q - +2 hat of Dramatic Exits {Str+4 Dex+3 SInv}
rElec   +            s - scarf of Greed {shadows, Dex+3}
rCorr   .            m - +3 Mad Mage's Maulers {Infuse+∞ VampMP -Cast}
SInv    +            l - +2 pair of boots {Stlth+}
Will    +....        Z - amulet of regeneration
Stlth   +            I - ring of Wivylo {EV+5 Str+6}
HPRegen 1.27/turn    S - ring of Linearity {rC+++ AC+4 Slay+2}
MPRegen 0.24/turn

%: no spellcasting, infuse magic (9 MP)
@: paralysed, flying, studying 3 skills, very slow
A: sickness immunity, AC +18, big wings, negative energy resistance 1,
electricity resistance, torment resistance 1, petrification resistance, antennae
2, see invisible, fire resistance 1, wild magic 1
}: 3/15 runes: barnacled, silver, gossamer
a: Renounce Religion, Bend Time, Temporal Distortion, Slouch, Step From Time


You were on level 2 of the Depths.
You worshipped Cheibriados.
Cheibriados was exalted by your worship.
You visited 8 branches of the dungeon, and saw 40 of its levels.
You visited the Abyss 3 times.
You also visited: Sewer, Ossuary, Gauntlet and Ice Cave.

You collected 9400 gold pieces.
You spent 5767 gold pieces at shops.

Inventory:

Hand Weapons
 a - a +6 eveningstar of draining (weapon)
 P - a +5 heavy executioner's axe
Missiles
 t - 22 poisoned darts (quivered)
 M - 13 silver javelins
 N - 4 curare-tipped darts
Armour
 c - a +2 tower shield of poison resistance (worn)
 l - a +2 pair of boots of stealth (worn)
 m - the +3 Mad Mage's Maulers (worn) {Infuse+∞ VampMP -Cast}
   (You bought it in a shop on level 2 of the Orcish Mines)

   Infuse+∞: It empowers its wearer's blows with all of their magic.
   VampMP:    Blows struck in melee replenish the wearer's magic.
   -Cast:     It prevents spellcasting.
 q - the +2 hat of Dramatic Exits (worn) {Str+4 Dex+3 SInv}
   (You found it on level 4 of the Spider Nest)

   Str:       It affects your strength (+4).
   Dex:       It affects your dexterity (+3).
   SInv:      It lets you see invisible.
 s - the scarf of Greed (worn) {shadows, Dex+3}
   (You bought it in a shop on level 2 of the Orcish Mines)

   Dex:       It affects your dexterity (+3).
 K - a +4 chain mail of fire resistance (worn)
Jewellery
 r - the ring of Akisicveti {rF+ EV+5}
   (You bought it in a shop on level 5 of the Vaults)

   [ring of evasion]

   EV:        It affects your evasion (+5).
   rF:        It protects you from fire.
 I - the ring of Wivylo (left hand) {EV+5 Str+6}
   (You found it in a Gauntlet)

   [ring of evasion]

   EV:        It affects your evasion (+5).
   Str:       It affects your strength (+6).
 S - the ring of Linearity (right hand) {rC+++ AC+4 Slay+2}
   (You bought it in a shop on level 3 of the Vaults)

   [ring of protection]

   AC:        It affects your AC (+4).
   Slay:      It affects your accuracy & damage with ranged weapons and melee
   (+2).
   rC:        It renders you almost immune to cold.
 W - the ring "Ligir" {rC+ rCorr Stlth+}
   (You took it off a kobold demonologist on level 12 of the Dungeon)

   [ring of resist corrosion]

   rC:        It protects you from cold.
   rCorr:     It protects you from acid and corrosion.
   Stlth:     It makes you more stealthy.
 Z - an amulet of regeneration (around neck)
Wands
 j - a wand of quicksilver (21)
 n - a wand of polymorph (10)
 E - a wand of digging (10)
 G - a wand of iceblast (37)
 L - a wand of flame (65)
 V - a wand of mindburst (30)
 X - a wand of paralysis (29)
Scrolls
 b - 2 scrolls of brand weapon
 d - 5 scrolls of poison
 i - 7 scrolls of fog
 v - 10 scrolls of teleportation
 w - 5 scrolls of immolation
 z - 3 scrolls of blinking
 F - 3 scrolls of silence
 J - 3 scrolls of enchant armour
 O - 2 scrolls of fear
 R - 6 scrolls of revelation
 Y - 3 scrolls of summoning
Potions
 e - 2 potions of cancellation
 g - 8 potions of enlightenment
 k - a potion of mutation
 o - 18 potions of curing
 p - 2 potions of might
 u - 4 potions of magic
 x - 10 potions of lignification
 y - 4 potions of heal wounds
 A - 7 potions of resistance
 B - 6 potions of invisibility
 C - 8 potions of brilliance
 H - 8 potions of berserk rage
 T - 9 potions of ambrosia
Miscellaneous
 f - a box of beasts
 h - a phantom mirror
 D - a phial of floods
 Q - a condenser vane
 U - a lightning rod (4/4)


   Skills:
 * Level 21.4 Fighting
 * Level 19.7 Maces & Flails
 - Level 10.8 Throwing
 * Level 21.5 Armour
 - Level 6.6 Dodging
 + Level 17.9 Shields
 + Level 16.8 Invocations
 + Level 13.3 Evocations


You had 23 spell levels left.
You didn't know any spells.
Your spell library contained the following spells:

 Spells                   Type           Power      Damage    Failure   Level
 Apportation              Tloc           0%         N/A       38%         1
 Magic Dart               Conj           0%         1d3       38%         1
 Necrotise                Necr           0%         1d4       38%         1
 Sandblast                Erth           0%         2d4       38%         1
 Shock                    Conj/Air       0%         1d3       38%         1
 Sting                    Tmut/Pois      0%         1d3       38%         1
 Summon Small Mammal      Summ           0%         N/A       38%         1
 Blink                    Tloc           0%         N/A       52%         2
 Call Imp                 Summ           0%         N/A       52%         2
 Ensorcelled Hibernation  Hex/Ice        0%         N/A       52%         2
 Lesser Beckoning         Tloc           0%         N/A       52%         2
 Momentum Strike          Conj/Tloc      0%         3d8       52%         2
 Passwall                 Tmut/Erth      0%         N/A       52%         2
 Poisonous Vapours        Pois/Air       0%         N/A       52%         2
 Scorch                   Fire           0%         2d5       52%         2
 Searing Ray              Conj           0%         2d4       52%         2
 Static Discharge         Conj/Air       0%         2-2/arc   52%         2
 Call Canine Familiar     Summ           0%         N/A       75%         3
 Confusing Touch          Hex            0%         N/A       75%         3
 Dazzling Flash           Conj/Hex       0%         N/A       75%         3
 Frozen Ramparts          Ice            0%         1d1       75%         3
 Hailstorm                Conj/Ice       0%         3d3       75%         3
 Ignite Poison            Fire/Tmut/Pois 0%         N/A       75%         3
 Mephitic Cloud           Conj/Pois/Air  0%         N/A       75%         3
 Ozocubu's Armour         Ice            0%         N/A       75%         3
 Portal Projectile        Hex/Tloc       0%         N/A       75%         3
 Stone Arrow              Conj/Erth      0%         3d7       75%         3
 Swiftness                Air            0%         N/A       75%         3
 Tukima's Dance           Hex            0%         N/A       75%         3
 Vampiric Draining        Necr           0%         2d6       75%         3
 Vhi's Electric Charge    Tloc/Air       0%         N/A       75%         3
 Volatile Blastmotes      Fire/Tloc      0%         2d10      75%         3
 Airstrike                Air            0%         2d(0-16)  98%         4
 Anguish                  Hex/Necr       0%         N/A       98%         4
 Animate Dead             Necr           0%         N/A       98%         4
 Cause Fear               Hex            0%         N/A       98%         4
 Dispel Undead            Necr           0%         3d6       98%         4
 Flame Wave               Conj/Fire      0%         2d4       98%         4
 Iskenderun's Mystic Bla  Conj/Tloc      0%         2d3       98%         4
 Leda's Liquefaction      Hex/Erth       0%         N/A       98%         4
 Manifold Assault         Tloc           0%         N/A       98%         4
 Olgreb's Toxic Radiance  Pois           0%         N/A       98%         4
 Petrify                  Tmut/Erth      0%         N/A       98%         4
 Sticky Flame             Conj/Fire      0%         2d3       98%         4
 Summon Ice Beast         Ice/Summ       0%         N/A       98%         4
 Summon Lightning Spire   Summ/Air       0%         N/A       98%         4
 Agony                    Necr           0%         N/A       100%        5
 Alistair's Intoxication  Tmut/Pois      0%         N/A       100%        5
 Arcjolt                  Conj/Air       0%         1d10      100%        5
 Borgnjor's Vile Clutch   Necr/Erth      0%         N/A       100%        5
 Freezing Cloud           Conj/Ice/Air   0%         6-21      100%        5
 Irradiate                Conj/Tmut      0%         3d11      100%        5
 Iskenderun's Battlesphe  Conj           0%         2d6       100%        5
 Lee's Rapid Deconstruct  Erth           0%         3d4*      100%        5
 Metabolic Englaciation   Hex/Ice        0%         N/A       100%        5
 Silence                  Hex/Air        0%         N/A       100%        5
 Summon Mana Viper        Hex/Summ       0%         N/A       100%        5
 Death Channel            Necr           0%         N/A       100%        6
 Dispersal                Tloc           0%         N/A       100%        6
 Eringya's Noxious Bog    Tmut/Pois      0%         4d6       100%        6
 Leda's Unmaking          Conj/Erth      0%         9d1       100%        6
 Simulacrum               Ice/Necr       0%         N/A       100%        6
 Starburst                Conj/Fire      0%         6d3       100%        6
 Summon Cactus Giant      Summ           0%         N/A       100%        6
 Haunt                    Necr/Summ      0%         N/A       100%        7
 Ozocubu's Refrigeration  Ice            0%         4d7       100%        7
 Spellforged Servitor     Conj/Summ      0%         N/A       100%        7
 Borgnjor's Revivificati  Necr           0%         N/A       100%        8
 Disjunction              Tloc           0%         N/A       100%        8
 Ignition                 Fire           0%         3d3       100%        8
 Maxwell's Capacitive Co  Air            0%         ∞         100%        8
 Summon Horrible Things   Summ           0%         N/A       100%        8
 Chain Lightning          Conj/Air       0%         N/A       100%        9
 Death's Door             Necr           0%         N/A       100%        9
 Fire Storm               Conj/Fire      0%         5d1       100%        9
 Shatter                  Erth           0%         3d5*      100%        9
 Cigotuvi's Dreadful Rot  Necr/Pois/Air  Unusable   N/A       N/A         2

Dungeon Overview and Level Annotations

Branches:
Dungeon (15/15)            Temple (0/1) D:4            Lair (5/5) D:9
 Shoals (4/4) Lair:2       Spider (4/4) Lair:3        Slime (0/5) Lair:4
    Orc (2/2) D:9             Elf (3/3) Orc:2        Vaults (5/5) D:14
  Crypt (0/3) Vaults:3     Depths (2/4) D:15          Sewer (visited)
Ossuary (visited)           IceCv (visited)         Gauntlet (visited)

Altars:
Cheibriados
Fedhas
Gozag
Hepliaklqana
Nemelex Xobeh
Ru
Sif Muna
Trog
Vehumet
Wu Jian
Xom
Yredelemnul
Zin
The Shining One
Jiyva

Shops:
D:12 =   Orc:2 :*([   Elf:1 *   Elf:2 ?   Shoals:1 *   Shoals:4 !   Vaults:1 (
Vaults:3 [:==   Vaults:4 (   Vaults:5 *

Portals:
Hell: Depths:1 Depths:2
Abyss: Depths:2
Pandemonium: Depths:1
Ziggurat: Depths:1


Innate Abilities, Weirdness & Mutations

You are immune to sickness and miasma.
Your stone body is resilient. (AC +18)
You are immune to poison.
Your large and strong wings let you fly.
You resist negative energy. (rN+)
You are resistant to electric shocks. (rElec)
You are resistant to unholy torment.
You are immune to petrification.
You have a pair of antennae on your head.
You have supernaturally acute eyesight. (SInv)
Your flesh is heat resistant. (rF+)
Your spells are a little harder to cast, but a little more powerful.


Message History

You hear a shout!
The deep troll bites you! The deep troll claws you!!
The deep troll claws you but does no damage.
The deep troll bites you. The deep troll claws you.
The deep troll claws you but does no damage.
The deep troll bites you! The deep troll claws you!
The deep troll claws you but does no damage.
The deep troll shaman bites you but does no damage.
The deep troll shaman claws you but does no damage. x2
The deep troll bites you but does no damage.
The deep troll claws you!! The deep troll barely misses you.
The deep troll bites you!
* * * LOW HITPOINT WARNING * * *
The deep troll claws you!
* * * LOW HITPOINT WARNING * * *
The deep troll claws you but does no damage.
The deep troll shaman bites you!
* * * LOW HITPOINT WARNING * * *
The deep troll shaman completely misses you.
The deep troll shaman claws you but does no damage.
The deep troll bites you!
* * * LOW HITPOINT WARNING * * *
The deep troll claws you but does no damage. x2
The deep troll bites you but does no damage.
The deep troll claws you but does no damage.
The deep troll claws you.
* * * LOW HITPOINT WARNING * * *
The floating eye's view fixates on you.
The deep troll bites you but does no damage.
The deep troll claws you but does no damage. x2
The deep troll shaman bites you but does no damage.
The deep troll shaman claws you!
* * * LOW HITPOINT WARNING * * *
The deep troll shaman claws you but does no damage.
The spriggan air mage waves its arms in wide circles.
The air twists around and strikes you.
The deep troll bites you but does no damage.
The deep troll claws you but does no damage. x2
The deep troll shaman bites you.
You die... ##.## ##........... #.## {{{{

####........
##.# {##
#........ #.##
#[. #........
#.# ##'##
#........ #.#
.....# {
#........ #∩#
!...TT###{
#........ #.#
..>.uT#?#{
######### #.#{
{ .>.>iT@)#{
#.# {..>.TT#[#
#.# {?...?G#†#
#.## .....##)#
##.##
##'###.##
##.### ...
##.#
##.)#######.##
###.......##{
#########


You could see a green ugly thing, 5 deep trolls, a spriggan air mage (repels
missiles), a deep troll shaman and a floating eye (charged).

Vanquished Creatures
  A dread lich (Vaults:5)
  An ancient lich (Abyss:3)
  Mara (Elf:3)
  Saint Roka (Orc:2)
  Nikola (Vaults:1)
  A golden dragon (Vaults:5)
  Jorgrun (Spider:2)
  3 bone dragons
  4 tentacled monstrosities
  Asterion (Elf:1)
  Zenata (Vaults:1)
  3 liches (Depths:2)
  A kraken (Shoals:1)
  2 deep elf blademasters
  A deep elf master archer (Elf:3)
  4 sphinxes
  2 tentacled starspawn
  Polyphemus (Shoals:2)
  5 tengu reavers
  4 shadow dragons
  5 storm dragons
  Roxanne (Elf:3)
  An iron dragon (Vaults:4)
  Ilsuiw (Shoals:2)
  20 vault wardens
  6 frost giants
  5 emperor scorpions
  An azure jelly (shapeshifter) (Depths:2)
  4 deep elf sorcerers (Elf:3)
  3 ghost moths (Spider:4)
  Louise (Depths:2)
  7 fire giants
  The ghost of roninjake the Warrior, a journeyman MiFi of Okawaru (Orc:2)
  2 orc warlords
  5 deep elf elementalists (Elf:3)
  12 ironbound preservers
  4 broodmothers
  3 war gargoyles
  A cacodemon (Abyss:2)
  4 formless jellyfish
  17 very ugly things
  A reaper (Abyss:2)
  9 stone giants
  A vampire knight (Depths:2)
  4 ironbound thunderhulks
  5 deep elf demonologists
  A white draconian (IceCv)
  8 deep elf annihilators
  6 spark wasps
  13 dire elephants
  A minotaur (Gauntlet)
  10 ettins
  An ettin (shapeshifter) (Vaults:4)
  A crystal guardian (Vaults:1)
  9 merfolk impalers
  10 yaktaur captains
  Josephine (D:12)
  2 merfolk javelineers
  6 entropy weavers
  2 fire dragons
  5 deep elf death magi
  7 deep elf high priests
  6 great orbs of eyes
  A rakshasa (Depths:2)
  31 vault guards
  7 ice dragons
  2 peacekeepers
  2 jorogumos (Spider:3)
  Harold (D:9)
  7 hydras
  2 jiangshi (Depths:2)
  4 ogre magi
  An alligator snapping turtle (Shoals:4)
  2 catoblepae
  5 centaur warriors
  2 merfolk avatars (Shoals:4)
  5 merfolk aquamancers (Shoals:4)
  29 dancing weapons
  A vampire mage (Depths:2)
  12 ironbound frosthearts
  A satyr (Shoals:3)
  A deep troll shaman (Depths:2)
  7 radroaches
  12 boulder beetles
  9 two-headed ogres
  4 death yaks (Shoals:2)
  A death knight (D:15)
  2 naga warriors (Abyss:3)
  4 thrashing horrors
  A hell hog (Depths:1)
  8 tengu warriors
  4 demonic crawlers
  5 deep troll earth magi
  2 orc high priests (Orc:2)
  Urug (Orc:2)
  A hell knight (Vaults:5)
  7 sun demons (Depths:1)
  A spriggan berserker (Depths:2)
  17 deep elf knights
  13 skeletal warriors
  A soul eater (Abyss:2)
  A wretched star (Abyss:2)
  10 pharaoh ants
  4 iron trolls
  5 skysharks
  17 orb spiders
  A death drake (Gauntlet)
  12 sea snakes
  3 sun moths
  A flayed ghost (Depths:2)
  A sixfirhy (Abyss:3)
  2 glowing orange brains (Vaults:2)
  A shadow demon (Abyss:2)
  27 deep trolls
  Lodul (D:14)
  A sea snake (shapeshifter) (Vaults:5)
  A lindwurm (shapeshifter) (Vaults:3)
  An orange crystal statue (IceCv)
  21 deep elf pyromancers
  7 wizards
  15 deep elf archers
  29 harpies
  12 ironbound convokers
  8 lindwurms
  4 steelbarb worms
  5 phantasmal warriors
  2 mana vipers (Abyss:2)
  36 deep elf zephyrmancers
  6 orc knights
  11 cyclopes
  21 wolf spiders
  A salamander (Depths:1)
  A shining eye (Depths:1)
  2 necromancers
  4 orc sorcerers
  26 ugly things
  18 fauns
  A frost giant zombie (Depths:1)
  16 manticores
  A sphinx skeleton (Vaults:3)
  A moth of wrath (Spider:2)
  A tengu skeleton (Vaults:3)
  2 centaur zombies
  A stone giant skeleton (Vaults:3)
  A guardian serpent (shapeshifter) (D:13)
  10 merfolk sirens
  2 guardian serpents (Abyss:3)
  3 water nymphs
  A frost giant skeleton (Depths:1)
  20 vault sentinels
  A water nymph (shapeshifter) (Vaults:5)
  An eye of devastation (shapeshifter) (Vaults:5)
  5 black mambas
  18 cane toads
  2 gargoyles
  2 ice statues (Shoals:3)
  2 molten gargoyles (Lair:5)
  2 spectral centaurs (Gauntlet)
  2 eyes of devastation (Depths:1)
  An orange demon (Abyss:2)
  6 torpor snails
  A smoke demon (Abyss:3)
  22 rime drakes
  An efreet (D:14)
  4 kobold demonologists
  26 yaktaurs
  16 komodo dragons
  A redback zombie (Gauntlet)
  2 freezing wraiths
  6 unseen horrors
  12 tengu conjurers
  3 yaktaur skeletons (Vaults:3)
  13 polar bears (IceCv)
  An ancient zyme (Abyss:3)
  6 meliai
  6 trolls
  6 hellwings
  27 merfolk
  A wind drake (shapeshifter) (Elf:3)
  11 wind drakes
  33 tarantellas
  5 hornets
  8 raiju (Abyss:3)
  9 blink frogs
  8 snapping turtles
  5 dream sheep (Lair:5)
  Sigmund (D:3)
  20 slime creatures
  A culicivora (shapeshifter) (D:15)
  3 shadows
  An ettin skeleton (Vaults:3)
  37 jumping spiders
  11 water elementals
  2 vampires
  59 yaks
  3 air elementals
  4 wyverns
  15 flying skulls (Gauntlet)
  3 fire elementals (Elf:3)
  A wyvern (shapeshifter) (D:14)
  A spriggan skeleton (Depths:1)
  A ynoxinul (Abyss:2)
  A basilisk (shapeshifter) (Elf:1)
  6 wraiths
  25 culicivoras
  An alligator snapping turtle simulacrum (Abyss:2)
  6 basilisks
  2 steam dragons (D:9)
  7 vampire mosquitoes
  A chaos spawn (Abyss:2)
  59 redbacks
  5 large abominations
  4 wargs
  4 nagas (Abyss:3)
  20 water moccasins
  8 hell hounds
  Duvessa (D:6)
  5 ice beasts
  40 orc warriors
  An ogre skeleton (Vaults:3)
  2 black bears
  3 sky beasts (D:7)
  20 wolves
  2 centaurs
  11 ogres
  3 small abominations (Abyss:2)
  5 phantoms
  7 kobold brigands
  17 bullfrogs
  10 scorpions
  3 earth elementals (Elf:2)
  2 elf skeletons
  A wight (D:8)
  Dowan (D:6)
  12 killer bees
  7 howler monkeys
  An electric eel (Spider:4)
  A crimson imp (Abyss:2)
  5 lava snakes (Lair:5)
  2 quasits (Abyss:2)
  3 hounds
  2 human zombies (D:7)
  Crazy Yiuf (D:3)
  21 orc priests
  8 jellies
  3 iron imps
  A sleepcap (D:4)
  6 human skeletons
  Ijyb (D:5)
  Terence (D:3)
  2 gnoll boudas
  2 iguanas
  21 orc wizards
  8 hell rats (Lair:2)
  3 mummies (Ossuary)
  A howler monkey zombie (D:10)
  6 gnolls
  13 river rats
  8 adders
  A shadow imp (D:7)
  5 white imps
  6 worms
  A dart slug (D:3)
  78 orcs
  2 endoplasms
  4 giant cockroaches
  A gnoll zombie (Ossuary)
  12 goblins
  5 hobgoblins
  14 quokkas
  7 ball pythons
  4 bats
  A frilled lizard (D:3)
  5 goblin zombies (Ossuary)
  29 kobolds
  5 kobold zombies (Ossuary)
  2 orc skeletons (D:7)
  An orc zombie (Ossuary)
  4 quokka zombies (Ossuary)
  29 rats
  2 rat zombies (Ossuary)
  A lurking horror (Abyss:3)
  5 tentacles (Shoals:1)
1930 creatures vanquished.

Vanquished Creatures (collateral kills)
  Rupert (D:14)
  Gastronok (Orc:1)
  A very ugly thing (Vaults:5)
  A yaktaur captain (Vaults:5)
  Sonja (D:11)
  An ironbound convoker (Vaults:5)
  An orc knight (Vaults:5)
  A troll (Vaults:5)
  A tarantella (Spider:2)
  A jumping spider (Spider:2)
  3 yaks (Lair:5)
  An ogre (Vaults:5)
  An orc (Vaults:5)
15 creatures vanquished.

Vanquished Creatures (others)
  An orb spider (Spider:4)
  A deep elf zephyrmancer (Elf:2)
  A kobold demonologist (D:12)
  A tengu conjurer (D:14)
  An orc wizard (Orc:2)
  11 tentacles (Shoals:1)
16 creatures vanquished.

Grand Total: 1961 creatures vanquished

Notes
Turn   | Place    | Note
-------+----------+-------------------------------------------
     0 | D:1      | arthad the Gargoyle Fighter began the quest for the Orb.
     0 | D:1      | Reached XP level 1. HP: 14/14 MP: 1/1
   415 | D:1      | Reached XP level 2. HP: 19/19 MP: 2/2
  1208 | D:2      | Reached XP level 3. HP: 21/23 MP: 3/3
  1552 | D:3      | Found a runed translucent door.
  1553 | D:3      | Noticed Crazy Yiuf
  1741 | D:3      | Noticed Terence
  1766 | D:3      | Killed Terence
  1767 | D:3      | Reached XP level 4. HP: 13/29 MP: 4/4
  1929 | D:3      | Found a sparkling altar of Nemelex Xobeh.
  2010 | D:3      | Noticed Sigmund
  2018 | D:3      | Killed Sigmund
  2019 | D:3      | Reached XP level 5. HP: 16/34 MP: 5/5
  2019 | D:3      | Reached XP level 6. HP: 18/39 MP: 6/6
  2207 | D:3      | Found a snail-covered altar of Cheibriados.
  2237 | D:3      | Became a worshipper of Cheibriados the Contemplative
  2317 | D:3      | Killed Crazy Yiuf
  2588 | D:4      | Reached skill level 5 in Fighting
  2588 | D:4      | Reached skill level 5 in Armour
  2588 | D:4      | Reached skill level 5 in Shields
  2607 | D:4      | Reached XP level 7. HP: 41/44 MP: 7/7
  2674 | D:4      | Found a staircase to the Ecumenical Temple.
  3073 | D:4      | Found a radiant altar of Vehumet.
  3379 | D:5      | Entered Level 5 of the Dungeon
  3386 | D:5      | Reached skill level 1 in Invocations
  3387 | D:5      | Identified a scroll of acquirement
  3387 | D:5      | Acquired 956 gold pieces
  3465 | D:5      | Reached XP level 8. HP: 30/51 MP: 5/9
  3646 | D:5      | Reached * piety under Cheibriados
  3796 | D:5      | Found a glowing golden altar of the Shining One.
  3879 | D:5      | Noticed Ijyb
  3889 | D:5      | Killed Ijyb
  3971 | D:5      | Found a glowing drain.
  3975 | Sewer    | Entered a sewer
  4024 | Sewer    | Reached skill level 5 in Maces & Flails
  4155 | Sewer    | Reached ** piety under Cheibriados
  4321 | Sewer    | Reached *** piety under Cheibriados
  4737 | D:5      | Found a large runed translucent door.
  4737 | D:5      | Found a large runed translucent door.
  5099 | D:5      | Found an opulent altar of Gozag.
  5107 | D:5      | Found a bloodstained altar of Trog.
  5193 | D:6      | Reached XP level 9. HP: 36/56 MP: 7/11
  5481 | D:6      | Noticed Dowan
  5482 | D:6      | Noticed Duvessa
  5495 | D:6      | Killed Duvessa
  5496 | D:6      | Killed Dowan
  5565 | D:6      | Found a glowing silver altar of Zin.
  5730 | D:6      | Reached **** piety under Cheibriados
  5843 | D:6      | You fall into a shaft and drop 1 floor!
  6039 | D:7      | Reached skill level 5 in Invocations
  6235 | D:7      | Found a sand-covered staircase.
  6244 | Ossuary  | Entered an ossuary
  6448 | D:7      | Reached ***** piety under Cheibriados
  6481 | D:7      | Identified the +1 dagger of Grandeur {venom, rF+ Str-3
                  | Dex+3}
  6666 | D:7      | Reached XP level 10. HP: 58/64 MP: 14/14
  6754 | D:7      | Found a shimmering altar of Xom.
  7430 | D:8      | Noticed a cyclops
  7444 | D:8      | Killed a cyclops
  7476 | D:8      | Noticed a manticore
  7516 | D:8      | Killed a manticore
  7635 | D:8      | Got the Textbook on Cursed Silt
  7794 | D:8      | Noticed a tengu warrior
  7804 | D:8      | Killed a tengu warrior
  7805 | D:8      | Reached skill level 1 in Evocations
  7805 | D:8      | Reached XP level 11. HP: 55/69 MP: 12/16
  7929 | D:8      | Found a hazy altar of Hepliaklqana.
  8618 | D:9      | Noticed a boulder beetle
  8745 | D:9      | Found a staircase to the Lair.
  8754 | D:9      | Reached ****** piety under Cheibriados
  9061 | D:9      | Found a staircase to the Orcish Mines.
  9081 | D:9      | Noticed Harold
  9098 | D:9      | Killed Harold
  9191 | D:9      | Killed a boulder beetle
  9288 | D:9      | Found an ornate altar of the Wu Jian Council.
  9288 | D:9      | Found a sacrificial altar of Ru.
  9753 | D:10     | Entered Level 10 of the Dungeon
  9834 | D:10     | Found a basalt altar of Yredelemnul.
 10226 | D:10     | Found a runed translucent door.
 10430 | D:10     | Reached XP level 12. HP: 75/77 MP: 18/18
 11416 | D:11     | Noticed Sonja
 11419 | D:11     | Killed Sonja
 11420 | D:11     | Reached skill level 10 in Fighting
 11420 | D:11     | Reached skill level 10 in Armour
 11420 | D:11     | Reached skill level 10 in Shields
 11428 | D:11     | Identified the +2 quarterstaff of Ulangan {antimagic, rElec
                  | Str+3 Stlth+}
 11619 | D:11     | Noticed a two-headed ogre
 11626 | D:11     | Killed a two-headed ogre
 11755 | D:11     | Noticed a boulder beetle
 11773 | D:11     | Killed a boulder beetle
 11853 | D:11     | Noticed a two-headed ogre
 11862 | D:11     | Killed a two-headed ogre
 12487 | D:12     | Reached skill level 5 in Evocations
 12514 | D:12     | Got the Tome of Destined Snow
 12528 | D:12     | Got Fouq's Grimoire of Polar Poisoning
 12541 | D:12     | Found a shimmering blue altar of Sif Muna.
 12553 | D:12     | Noticed an ogre mage
 12570 | D:12     | Killed an ogre mage
 12590 | D:12     | Noticed an ogre mage
 12591 | D:12     | Noticed a sun demon
 12601 | D:12     | Noticed a soul eater
 12602 | D:12     | Reached XP level 13. HP: 31/84 MP: 20/20
 12826 | D:12     | Noticed Josephine
 12842 | D:12     | Killed Josephine
 12993 | D:12     | Identified the ring "Ligir" {rC+ rCorr Stlth+}
 13143 | D:12     | Noticed a deep elf annihilator
 13145 | D:12     | Noticed a deep elf annihilator
 13152 | D:12     | Killed a deep elf annihilator
 13153 | D:12     | Reached skill level 10 in Maces & Flails
 13159 | D:12     | Killed a deep elf annihilator
 13174 | D:12     | Got Lyesivahi's Spellbook of the Bruised People
 13194 | D:12     | Got the Codex of the Heavy Oath
 13458 | D:12     | Found Xuvvucui's Jewellery Boutique.
 13610 | D:13     | Reached skill level 10 in Invocations
 13801 | Lair:1   | Entered Level 1 of the Lair of Beasts
 13801 | Lair:1   | Found an ornate altar of the Wu Jian Council.
 14908 | Lair:2   | Gained mutation: Your large and strong wings let you fly.
                  | [Gargoyle growth]
 14908 | Lair:2   | Reached XP level 14. HP: 76/91 MP: 21/21
 15006 | Lair:2   | Found a staircase to the Shoals.
 16130 | Lair:3   | Found a hole to the Spider Nest.
 16316 | Lair:3   | Reached skill level 1 in Throwing
 16993 | Lair:4   | Found a gate leading to a gauntlet.
 17032 | Gauntlet | Entered a Gauntlet
 17032 | Gauntlet | Found a transporter.
 17035 | Gauntlet | Found a transporter.
 17036 | Gauntlet | Noticed a balrug
 17051 | Gauntlet | Found a transporter.
 17055 | Gauntlet | Found a transporter.
 17084 | Gauntlet | Found a transporter.
 17102 | Gauntlet | Noticed a cacodemon
 17103 | Gauntlet | Found a runed translucent door.
 17105 | Gauntlet | Found a transporter.
 17107 | Gauntlet | Found a runed translucent door.
 17118 | Gauntlet | Found a transporter.
 17119 | Gauntlet | Found a transporter.
 17120 | Gauntlet | Found a transporter.
 17123 | Gauntlet | Found a transporter.
 17131 | Gauntlet | Found a transporter.
 17188 | Gauntlet | Found a transporter.
 17237 | Gauntlet | Identified the +5 flail of Sufficient Absolution {heavy,
                  | *Slow +Blink rN+ Will+}
 17245 | Gauntlet | Identified the ring of Wivylo {EV+5 Str+6}
 17305 | Gauntlet | Identified the +2 pair of gloves "Rewneif" {Harm rCorr}
 17369 | Gauntlet | Identified the ring of Xuodajipt {Fly Will- rCorr SInv
                  | Stlth+}
 17391 | Gauntlet | Identified the +2 scale mail "Luteott" {+Inv rCorr Dex+3}
 17469 | Lair:4   | You are sucked into a shaft and drop 1 floor!
 17469 | Lair:5   | Entered Level 5 of the Lair of Beasts
 17965 | Lair:5   | Reached XP level 15. HP: 98/98 MP: 23/23
 18079 | Lair:5   | Found a large runed translucent door.
 18079 | Lair:5   | Found a large runed translucent door.
 18186 | Lair:5   | Identified the +4 spear of the Countless Souls {spect,
                  | Int+2}
 18795 | Lair:4   | Found a staircase to the Slime Pits.
 18796 | Lair:4   | Found a viscous altar of Jiyva.
 19498 | Orc:1    | Entered Level 1 of the Orcish Mines
 19769 | Orc:1    | Paralysed by an orc sorcerer for 3 turns
 19847 | Orc:2    | Entered Level 2 of the Orcish Mines
 19847 | Orc:2    | Noticed an orc warlord
 19851 | Orc:2    | Noticed an orc warlord
 19853 | Orc:2    | Killed an orc warlord
 19997 | Orc:1    | Killed an orc warlord
 20163 | Orc:2    | Paralysed by an orc sorcerer for 2 turns
 20180 | Orc:2    | Noticed Saint Roka
 20185 | Orc:2    | Noticed Urug
 20198 | Orc:2    | Killed Urug
 20199 | Orc:2    | Killed Saint Roka
 20307 | Orc:2    | Found Toiro's General Store.
 20315 | Orc:2    | Found Ruciusmuor's Book Emporium.
 20318 | Orc:2    | Found Xunibb's Antique Weapon Emporium.
 20373 | Orc:2    | Bought a potion of heal wounds for 50 gold pieces
 20531 | Orc:2    | Found a staircase to the Elven Halls.
 20933 | Orc:2    | Found a runed translucent door.
 20933 | Orc:2    | Noticed roninjake's ghost (journeyman MiFi)
 20984 | Orc:2    | Found Ubray's Antique Armour Emporium.
 20990 | Orc:2    | Bought a brightly glowing scarf for 300 gold pieces
 20990 | Orc:2    | Identified the scarf of Greed {shadows, Dex+3} (You bought
                  | it in a shop on level 2 of the Orcish Mines)
 21104 | Orc:2    | Killed roninjake's ghost
 21139 | Orc:2    | Bought the +3 Mad Mage's Maulers {Infuse+∞ VampMP -Cast}
                  | for 1200 gold pieces
 21139 | Orc:2    | Found the +3 Mad Mage's Maulers {Infuse+∞ VampMP -Cast}
 21193 | Orc:1    | Noticed Gastronok
 21212 | Orc:1    | Killed Gastronok
 21788 | D:13     | Identified the ring "Qoch" {Fly rN+ Will+ rCorr Int-4}
 22246 | D:13     | Reached XP level 16. HP: 106/106 MP: 0/24
 22427 | D:13     | Reached skill level 1 in Dodging
 23316 | D:14     | Noticed Rupert
 23696 | D:14     | Noticed Lodul
 23708 | D:14     | Killed Lodul
 24695 | D:14     | Killed Rupert
 25076 | D:14     | Found a gate to the Vaults.
 25641 | D:15     | Entered Level 15 of the Dungeon
 25712 | D:15     | Reached skill level 5 in Throwing
 25916 | D:15     | Found a staircase to the Depths.
 26325 | Abyss:2  | Cast into level 2 of the Abyss (a wizard)
 26396 | Abyss:2  | Noticed a tentacled starspawn
 26398 | Abyss:2  | Killed a tentacled starspawn
 26496 | Abyss:2  | Paralysed by an air elemental for 1 turns
 26571 | Abyss:2  | Reached skill level 15 in Armour
 26763 | Abyss:2  | Reached skill level 15 in Fighting
 26864 | Abyss:2  | Noticed a bone dragon
 26873 | Abyss:2  | Killed a bone dragon
 26876 | D:15     | Escaped the Abyss
 27046 | D:15     | Reached XP level 17. HP: 49/113 MP: 0/26
 27863 | Shoals:1 | Entered Level 1 of the Shoals
 28393 | Shoals:1 | Acquired 601 gold pieces
 28394 | Shoals:1 | Acquired a manual of Evocations
 28992 | Shoals:1 | Identified the +0 animal skin of the Prince of Darkness
                  | {rN+ MP-9 Int+3}
 29146 | Shoals:1 | Noticed a kraken
 29520 | Shoals:1 | Found Bista's Island Escapes.
 29524 | Shoals:1 | Bought 2 scrolls of teleportation for 90 gold pieces
 29524 | Shoals:1 | Bought 2 scrolls of teleportation for 90 gold pieces
 29524 | Shoals:1 | Bought a scroll of teleportation for 45 gold pieces
 29545 | Shoals:1 | Killed a kraken
 30421 | Spider:1 | Entered Level 1 of the Spider Nest
 34295 | Spider:2 | Reached XP level 18. HP: 120/120 MP: 2/27
 35049 | Spider:2 | Noticed Jorgrun
 35075 | Spider:2 | Killed Jorgrun
 35478 | Spider:2 | Identified the +2 scale mail of Esifroog {+Inv Str+3 Int+4}
 37371 | Spider:3 | Reached skill level 15 in Maces & Flails
 38471 | Spider:4 | Entered Level 4 of the Spider Nest
 38898 | Spider:4 | Reached skill level 5 in Dodging
 41013 | Spider:4 | Identified the +2 hat of Dramatic Exits {Str+4 Dex+3 SInv}
 41117 | Spider:4 | Got a gossamer rune of Zot
 41327 | Spider:4 | Reached XP level 19. HP: 127/127 MP: 5/29
 42412 | Shoals:2 | Noticed Ilsuiw
 42434 | Shoals:2 | Killed Ilsuiw
 42616 | Shoals:2 | Noticed Polyphemus
 42629 | Shoals:2 | Killed Polyphemus
 43458 | Shoals:3 | Found a frozen archway.
 43602 | IceCv    | Entered an ice cave
 45232 | IceCv    | Reached skill level 15 in Shields
 46202 | Shoals:3 | Identified the +1 longbow of Corporal Punishment {freeze,
                  | rCorr Str+5}
 47381 | Shoals:4 | Entered Level 4 of the Shoals
 47811 | Shoals:4 | Got a barnacled rune of Zot
 48693 | Shoals:4 | Reached XP level 20. HP: 110/136 MP: 2/30
 49415 | Shoals:4 | Found Jeat's Distillery.
 49418 | Shoals:4 | Bought a potion of curing for 66 gold pieces
 49418 | Shoals:4 | Bought a potion of resistance for 220 gold pieces
 49930 | Shoals:4 | Got the Codex of Lethal Astrapomancy
 50189 | Shoals:4 | Identified the +0 plate armour of Midnight {rElec Str+4
                  | Int-5 Dex+2}
 50625 | Depths:1 | Entered Level 1 of the Depths
 50625 | Depths:1 | Noticed an ancient lich
 50625 | Depths:1 | Found a one-way gateway to a ziggurat.
 50804 | Vaults:1 | Entered Level 1 of the Vaults
 51251 | Vaults:1 | Found Faatetil's Antique Weapon Shoppe.
 51462 | Vaults:1 | Noticed Zenata
 52645 | Vaults:1 | Killed Zenata
 53060 | Vaults:1 | Noticed Nikola
 53079 | Vaults:1 | Killed Nikola
 55530 | Vaults:2 | Got the Disquisition on the Assassin
 55810 | Vaults:2 | Reached XP level 21. HP: 142/142 MP: 3/32
 56450 | Vaults:3 | Found Onesch's Jewellery Shop.
 56658 | Abyss:3  | Cast into level 3 of the Abyss (a wizard)
 56755 | Abyss:3  | Found a corrupted altar of Lugonu.
 56755 | Abyss:3  | Noticed a bone dragon
 56774 | Abyss:3  | Killed a bone dragon
 56810 | Vaults:3 | Escaped the Abyss
 57814 | Vaults:3 | Found Gifehet's Book Shop.
 58100 | Vaults:3 | Found Dideh's Jewellery Shop.
 58226 | Vaults:3 | Bought the ring of Linearity {rC+++ AC+4 Slay+2} for 1900
                  | gold pieces
 58323 | Vaults:3 | Reached skill level 15 in Invocations
 58722 | Vaults:3 | Found Fosuom's Armour Emporium.
 59432 | Vaults:3 | Found a staircase to the Crypt.
 60298 | Vaults:4 | Reached skill level 10 in Evocations
 61703 | Vaults:4 | Found Hesajim's Antique Weapon Shoppe.
 61730 | Vaults:5 | Entered Level 5 of the Vaults
 62005 | Vaults:5 | Reached XP level 22. HP: 77/150 MP: 4/33
 62847 | Vaults:5 | Noticed a dread lich
 62859 | Vaults:5 | Paralysed by a dread lich for 3 turns
 62862 | Vaults:5 | Noticed a golden dragon
 62871 | Vaults:5 | Killed a golden dragon
 62886 | Vaults:5 | Paralysed by a dread lich for 4 turns
 62892 | Vaults:5 | Killed a dread lich
 63125 | Vaults:5 | Identified the +3 dire flail of Paeffaq {heavy, rElec
                  | Dex+3}
 63271 | Vaults:5 | Found the +4 robe of Folly {Brill Will-∞ Int+8}
 63275 | Vaults:5 | Identified the amulet of Befemitz {Acrobat rElec rC- Int+2}
 63295 | Vaults:5 | Identified the +7 spear of Enikix {flame, rN+}
 63321 | Vaults:5 | Reached skill level 10 in Throwing
 63699 | Vaults:5 | Got Socu's Atlas of Production
 63743 | Vaults:5 | Identified the +6 whip of the Tired Queens {flame, rElec
                  | rF+ Int+4}
 63745 | Vaults:5 | Found Eqeijiten's Assorted Antiques.
 63961 | Vaults:5 | Bought a potion of curing for 90 gold pieces
 63961 | Vaults:5 | Bought a potion of curing for 90 gold pieces
 63961 | Vaults:5 | Bought a potion of resistance for 300 gold pieces
 63961 | Vaults:5 | Bought a heavily runed golden ring for 150 gold pieces
 63961 | Vaults:5 | Identified the ring of Akisicveti {rF+ EV+5} (You bought it
                  | in a shop on level 5 of the Vaults)
 64194 | Vaults:5 | Got Heol's Teachings on Electric Topology
 65463 | Vaults:5 | Got a silver rune of Zot
 65765 | Elf:1    | Entered Level 1 of the Elven Halls
 65808 | Elf:1    | Noticed Asterion
 65824 | Elf:1    | Killed Asterion
 66023 | Elf:1    | Found Zarchasan's General Store.
 66030 | Elf:1    | Bought a potion of heal wounds for 85 gold pieces
 66030 | Elf:1    | Bought a scroll of teleportation for 51 gold pieces
 66054 | Elf:1    | Reached XP level 23. HP: 155/157 MP: 3/34
 66218 | Elf:1    | Found a radiant altar of Vehumet.
 68795 | Elf:2    | Found Eloong's Magic Scroll Shop.
 68928 | Elf:2    | Bought a scroll of acquirement for 1040 gold pieces
 68928 | Elf:2    | Acquired 777 gold pieces
 69868 | Elf:2    | Found a runed translucent gate.
 69868 | Elf:2    | Found a runed translucent gate.
 69870 | Elf:2    | Found a runed translucent gate.
 70811 | Elf:3    | Entered Level 3 of the Elven Halls
 70850 | Elf:3    | Noticed Roxanne
 70859 | Elf:3    | Killed Roxanne
 71490 | Elf:3    | Noticed Mara
 71505 | Elf:3    | Noticed arthad's illusion
 71533 | Elf:3    | Killed Mara
 72505 | Elf:3    | Identified the +1 chain mail of Nuotusay {Rampage rCorr
                  | Str+7 Dex-4}
 72805 | Elf:3    | Identified the +4 flail "Fouh" {holy, rPois rF+ rC+ Str+3}
 72815 | Abyss:3  | Cast into level 3 of the Abyss (a deep elf sorcerer)
 72929 | Abyss:3  | Noticed an ancient lich
 72936 | Abyss:3  | Killed an ancient lich
 73010 | Elf:3    | Escaped the Abyss
 73083 | Elf:3    | HP: 4/159 [deep elf sorcerer/bolt of acid (46)]
 73504 | Elf:3    | Identified the staff "Laha" {rF+ rN+ Will- MP+9 Fire}
 73522 | Elf:3    | Got the Quarto of the Barrage
 73525 | Elf:3    | Identified the +11 falchion of Xula {vamp, rF+ rCorr Str+2}
 73526 | Elf:3    | Found the +5 scythe "Finisher" {speed, execute}
 73530 | Elf:3    | Identified the ring "Vief Ker" {Contam rC+ Dex+6 Stlth+}
 73531 | Elf:3    | Identified the +0 ring mail of Cyllid {Stlth+}
 73554 | Elf:3    | Got the Volume of the Conjured Gestalt
 73611 | Elf:3    | Acquired 701 gold pieces
 73613 | Elf:3    | Acquired 907 gold pieces
 73614 | Elf:3    | Acquired a manual of Shields
 74235 | D:15     | Reached XP level 24. HP: 161/166 MP: 5/35
 74577 | Depths:1 | Gained mutation: You occasionally lose the ability to drink
                  | potions when taking damage. [a shining eye]
 74579 | Depths:1 | Gained mutation: You are clumsy. (Dex -2) [a shining eye]
 74583 | Depths:1 | Gained mutation: You are weak. (Str -2) [a shining eye]
 74585 | Depths:1 | Gained mutation: You are very weak. (Str -4) [a shining
                  | eye]
 74587 | Depths:1 | Lost mutation: You are clumsy. (Dex -2) [potion of
                  | mutation]
 74587 | Depths:1 | Lost mutation: You are very weak. (Str -4) [potion of
                  | mutation]
 74587 | Depths:1 | Gained mutation: You do not regenerate when monsters are
                  | visible. [potion of mutation]
 74587 | Depths:1 | Gained mutation: You have a somewhat thin skeletal
                  | structure. (Dex +2, Stealth+) [potion of mutation]
 74588 | Depths:1 | Lost mutation: You occasionally lose the ability to drink
                  | potions when taking damage. [potion of mutation]
 74588 | Depths:1 | Lost mutation: You have a somewhat thin skeletal structure.
                  | (Dex +2, Stealth+) [potion of mutation]
 74588 | Depths:1 | Gained mutation: You have a pair of small antennae on your
                  | head. [potion of mutation]
 74588 | Depths:1 | Gained mutation: You have hidden genetic defects. [potion
                  | of mutation]
 74588 | Depths:1 | Gained mutation: You are occasionally teleported next to
                  | monsters. [potion of mutation]
 74588 | Depths:1 | Gained mutation: You expend magic power (3 MP) to
                  | strengthen your wands. [potion of mutation]
 74590 | Depths:1 | Lost mutation: You have hidden genetic defects. [potion of
                  | mutation]
 74590 | Depths:1 | Lost mutation: You expend magic power (3 MP) to strengthen
                  | your wands. [potion of mutation]
 74590 | Depths:1 | Lost mutation: You are weak. (Str -2) [potion of mutation]
 74590 | Depths:1 | Gained mutation: You have an increased reservoir of magic.
                  | (+10% MP) [potion of mutation]
 74590 | Depths:1 | Gained mutation: You have sharp fingernails. [potion of
                  | mutation]
 74590 | Depths:1 | Gained mutation: You have sharp toenails. [potion of
                  | mutation]
 74595 | Depths:1 | Lost mutation: You have sharp toenails. [potion of
                  | mutation]
 74595 | Depths:1 | Lost mutation: You have an increased reservoir of magic.
                  | (+10% MP) [potion of mutation]
 74595 | Depths:1 | Gained mutation: You passively dampen the noise of your
                  | surroundings. [potion of mutation]
 74595 | Depths:1 | Gained mutation: You have a pair of antennae on your head.
                  | [potion of mutation]
 74596 | Depths:1 | Lost mutation: You have sharp fingernails. [potion of
                  | mutation]
 74596 | Depths:1 | Lost mutation: You are occasionally teleported next to
                  | monsters. [potion of mutation]
 74596 | Depths:1 | Gained mutation: Your flesh is heat resistant. (rF+)
                  | [potion of mutation]
 74596 | Depths:1 | Gained mutation: You are agile. (Dex +4, Str/Int -1)
                  | [potion of mutation]
 74597 | Depths:1 | Lost mutation: You do not regenerate when monsters are
                  | visible. [potion of mutation]
 74597 | Depths:1 | Lost mutation: You passively dampen the noise of your
                  | surroundings. [potion of mutation]
 74597 | Depths:1 | Lost mutation: You are agile. (Dex +4, Str/Int -1) [potion
                  | of mutation]
 74597 | Depths:1 | Gained mutation: Your spells are a little harder to cast,
                  | but a little more powerful. [potion of mutation]
 74597 | Depths:1 | Gained mutation: You have supernaturally acute eyesight.
                  | (SInv) [potion of mutation]
 74626 | Depths:1 | Found a gateway to Hell.
 75216 | Depths:1 | Found a sparkling altar of Nemelex Xobeh.
 75239 | Depths:1 | You are sucked into a shaft and drop 1 floor!
 75649 | Depths:2 | Noticed Louise
 75650 | Depths:2 | Found a one-way gate to the infinite horrors of the Abyss.
 75661 | Depths:2 | Killed Louise
 75929 | Depths:1 | Found a blossoming altar of Fedhas.
 75970 | Depths:1 | Found a one-way gate leading to the halls of Pandemonium.
 76892 | Depths:2 | Paralysed by a floating eye for 3 turns
 76938 | Depths:2 | Paralysed by a floating eye for 4 turns
 76941 | Depths:2 | HP: 2/166 [deep troll shaman (11)]
 76942 | Depths:2 | Slain by a deep troll shaman

Illustrated notes

Levels and vault maps discovered:
D:1:      dpeg_arrival_windows_large_door, layout_basic, minmay_domino_2
D:2:      layout_loops_cross, serial_bayou_lake_a
D:3:      layout_loops_cross, kennysheep_slug_shrine,
          mainiacjoe_overflow_tiny_flanked, uniq_terence, uniq_sigmund,
          uniq_crazy_yiuf_cottage
D:4:      black_bear_nest_1, layout_basic, kennysheep_mini,
          minmay_temple_entry_junction_2, chequers_big_river,
          nicolae_concentric_dashed_squares_mild
D:5:      layout_basic, nicolae_tso_swordbearing_angel, jmf_multi_god_temple2,
          gup_sewer_entry_spiral, uniq_ijyb
D:6:      layout_loops_corners, makhleb_altar_promises_db,
          mainiacjoe_overflow_paths, uniq_duvessa, uniq_maggie
D:7:      layout_cave_pods, nicolae_overflow_hidden_temple, enter_bailey_3,
          nicolae_ossuary_entry_catacombs, corexii_checkpoint_a
D:8:      minmay_the_grid_octo_tiled_octocenter [minmay_the_grid_octo_toaster,
          minmay_the_grid_octo_clover_2, minmay_the_grid_octo_clover,
          minmay_the_grid_octo_vomiting_pacman, minmay_the_grid_octo_prize_star,
          minmay_the_grid_square_5x5_fat_x, minmay_the_grid_square_5x5_forky,
          minmay_the_grid_square_5x5_c, minmay_the_grid_square_5x5_spiral],
          layout_basic, nzn_hepliaklqana_mist_gate
D:9:      layout_irregular_city, mainiacjoe_overflow_large_starburst,
          hellmonk_lair_entry_icy, minmay_unpleasant_kobolds, uniq_harold
D:10:     layout_layer_cave, lemuel_zombie_altar_yredelemnul,
          hangedman_decor_clover_reticule, nrook_mini_vaults,
          lightli_church_of_beogh
D:11:     layout_roguey, uniq_sonja
D:12:     evilmike_library_of_no_secrets, layout_basic, serial_shops, shop,
          uniq_josephine
D:13:     layout_cave_pools
D:14:     layout_basic, lightli_vaults_fourway_checkpoint, uniq_lodul,
          uniq_rupert
D:15:     hangedman_depths_entry_try_elsewhere_first, layout_rooms
Lair:1:   layout_chaotic_city, basic_altar, eino_small_chamber_without_monster,
          grunt_megastairs_4
Lair:2:   lemuel_ratsnest, layout_loops_ring,
          minmay_shoals_entry_lonely_mermaid, serial_bayou_shore_b,
          grunt_megastairs_3, lemuel_fruit_tree
Lair:3:   layout_cave_pods, nicolae_spider_entry_non_spiders,
          infiniplex_staircase_pool
Lair:4:   layout_regular_city, minmay_slime_entry_pillars,
          gauntlet_entry_generic, chequers_serial_rivers_micro_c
Lair:5:   cheibrodos_lair_end_hotspot, layout_regular_city, enter_volcano_3
Shoals:1: argonaut_golden_fleece, layout_shoals, nicolae_island_escapes
Shoals:2: layout_shoals, uniq_ilsuiw, uniq_polyphemus
Shoals:3: layout_shoals, portal_ice_cave_entry_ice_statue_two, st_shoals_ruin
Shoals:4: shoals_end_simple, layout_shoals, serial_shops,
          nicolae_shop_real_fake_doors
Spider:1: layout_chambers, guppyfry_spider_mini_2,
          hangedman_spider_tarantella_strand
Spider:2: cheibrodos_forgotten_conduit, uniq_jorgrun
Spider:3: layout_chambers
Spider:4: spider_rune_water, hangedman_spider_mandibles
Orc:1:    layout_caves, uniq_gastronok
Orc:2:    grunt_orc_cross, layout_caves, hellmonk_ghost_happy_afterlife,
          minmay_orc_temple_c, uniq_saint_roka
Elf:1:    minmay_elf_arrival_plus, layout_loops_corners, serial_shops,
          nicolae_shop_crystal, basic_altar, hangedman_corner_corridor,
          grunt_ministairs_3, uniq_asterion
Elf:2:    nicolae_elf_blades_splatter_lattice [infiniplex_blade_entry_pillars],
          layout_geoelf_grid, serial_shops, shop, eino_tiny_chamber
Elf:3:    minmay_elf_hall_dome, layout_geoelf_diagonals, uniq_mara, uniq_roxanne
Vaults:1: nicolae_vaults_network_s, nicolae_vaults_closet_pinwheel_6, v_misc_1,
          nicolae_vaults_closet_pinwheel_3,
          nicolae_vaults_offset_grid_hallway_4,
          nicolae_vaults_security_offices_4, v_misc_15,
          nicolae_vaults_storage_closets_1, v_misc_24,
          nicolae_vaults_oval_intersection, v_misc_8,
          nicolae_vaults_specimen_jars, nicolae_vaults_trapezoid_3,
          nicolae_vaults_diamond_1, layout_vaults_big_room, serial_shops, shop,
          uniq_zenata, uniq_nikola
Vaults:2: nicolae_vaults_crenellated_ambush, nicolae_vaults_mini_display_case,
          nicolae_vaults_trapezoid_layered, nicolae_vaults_trapezoid_1,
          vaults_dpeg_diagonal, nicolae_vaults_apartment_2,
          layout_vaults_quadrants
Vaults:3: v_misc_3, nicolae_vaults_murderbox,
          minmay_crypt_entry_skeletal_spiral, v_alt_pattern_6, v_misc_8,
          nicolae_vaults_circle_grid_b, nicolae_vaults_big_angled_halls,
          nicolae_vaults_door_testing_chamber, vaults_dpeg_hooks,
          vaults_mumra_hexcomb, nicolae_vaults_house_1,
          nicolae_vaults_sealed_display, layout_vaults_omnicross, serial_shops,
          nicolae_shop_back_alley_shop, nicolae_shop_pleasant_corner_grove,
          shop, nicolae_lakefront_shop, uniq_margery
Vaults:4: v_misc_11, nicolae_vaults_closet_pinwheel_4,
          nicolae_vaults_closet_pinwheel_2, hangedman_vaults_stretched_pinwheel,
          nicolae_vaults_alarming, hangedman_vaults_stream, v_misc_14,
          nicolae_vaults_sesquioval_fish, nicolae_vaults_security_offices_5,
          vaults_room_pool, vaults_mumra_lcd, layout_vaults_maze_snakey,
          serial_shops, nicolae_shop_pleasant_corner_grove
Vaults:5
Depths:1: layout_forbidden_donut, enter_ziggurat_d,
          nicolae_hell_entry_hellmouth_sunbeams, fedhas_altar_fruit_tree,
          rand_demon_pan_entry_8, nemelex_xobeh_ov_fountains_minmay,
          serial_bayou_shore_b
Depths:2: grunt_deathspiral_small, layout_long_grid, rand_demon_pan_entry_3,
          hell_entry, nicolae_abyss_entry_one_way_or_another, serial_shops,
          nicolae_shop_drivethru, nicolae_uskayaw_suspiria, serial_bayou_shore_a

Skill      XL: |  1  2  3  4  5  6  7  8  9 10 11 12 13 14 15 16 17 18 19 20 21 22 23 24 |
---------------+-------------------------------------------------------------------------+-----
Fighting       | 4 5 6 7 8 9 10 11 13 14 15 16 17 18 19 20 21 | 21.4
Maces & Flails | 3 4 5 6 7 8 9 10 11 12 13 14 15 16 17 18 19 | 19.7
Armour         | 4 5 6 7 8 9 10 11 13 14 15 16 17 18 19 20 21 | 21.5
Shields        | 4 5 6 7 8 9 10 11 12 13 14 15 16 17 | 17.9
Invocations    | 2 3 5 7 8 9 10 11 12 13 14 15 16 | 16.8
Evocations     | 1 3 5 6 7 9 10 11 12 13 | 13.3
Throwing       | 2 4 5 6 7 8 9 10 | 10.8
Dodging        | 3 4 5 6 |  6.6

Action                     |  1- 3 |  4- 6 |  7- 9 | 10-12 | 13-15 | 16-18 | 19-21 | 22-24 || total
---------------------------+-------+-------+-------+-------+-------+-------+-------+-------++-------
  Melee: Flail             |   109 |    64 |   438 |       |    25 |       |       |       ||   636
         Morningstar       |       |       |   200 |   674 |  1222 |       |       |       ||  2096
         Eveningstar       |       |       |       |       |   151 |  1031 |  1149 |   983 ||  3314
  Throw: Dart              |       |     7 |     1 |    25 |    64 |   171 |    74 |    80 ||   422
 Invoke: Slouch            |       |       |       |       |    10 |     1 |       |       ||    11
         Step From Time    |       |       |       |       |     1 |       |       |       ||     1
  Evoke: Wand              |       |       |     1 |    11 |    19 |     9 |    13 |     6 ||    59
         Condenser vane    |       |       |       |     1 |     2 |       |     1 |     1 ||     5
         Box of beasts     |       |       |       |     1 |     2 |     2 |       |     1 ||     6
         Phantom mirror    |       |       |       |       |     1 |     2 |     1 |     2 ||     6
         Phial of floods   |       |       |       |       |       |       |       |     1 ||     1
    Use: Potion            |       |     1 |       |       |     9 |     7 |     3 |     9 ||    29
         Scroll            |       |       |    16 |     9 |    18 |    10 |     9 |     8 ||    70
   Stab: Distracted        |       |       |       |       |     1 |     1 |       |     2 ||     4
         Invisible         |       |       |       |       |       |     5 |       |       ||     5
 Armour: Scale mail        |    61 |    33 |   288 |   226 |       |       |       |       ||   608
         Chain mail        |       |       |       |   186 |   785 |   514 |   433 |   369 ||  2287
  Dodge: Dodged            |    49 |    19 |   480 |   519 |   862 |   649 |   659 |   542 ||  3779
  Block: Buckler           |    23 |    11 |   231 |   377 |   426 |       |       |       ||  1068
         Tower shield      |       |       |       |       |   966 |  1522 |  1519 |  1202 ||  5209

Table legend: (Time is in decaauts)
 A = Elapsed time spent in this place.
 B = Non-inter-level travel time spent in this place.
 C = Inter-level travel time spent in this place.
 D = Time resting spent in this place.
 E = Time spent auto-exploring this place.
 F = Levels seen in this place.
 G = Mean time per level.
                   A        B        C        D        E       F      G
               +--------+--------+--------+--------+--------+-----+--------+
         Total | 106201 | 100409 |   5792 |   1809 |  82965 |  47 | 2259.6 |
       Dungeon |  28225 |  25506 |   2719 |    652 |  20100 |  15 | 1881.7 |
          Lair |   9583 |   8755 |    828 |     38 |   6795 |   5 | 1916.6 |
        Shoals |  12340 |  11936 |    404 |    216 |  10471 |   4 | 3085.0 |
   Spider Nest |  14162 |  13784 |    378 |    128 |  12251 |   4 | 3540.5 |
  Orcish Mines |   3426 |   2960 |    466 |     60 |   2130 |   2 | 1713.0 |
   Elven Halls |  10371 |   9962 |    409 |    114 |   8715 |   3 | 3457.0 |
        Vaults |  19105 |  18562 |    543 |    324 |  16352 |   5 | 3821.0 |
        Depths |   3229 |   3188 |     41 |    119 |   2535 |   2 | 1614.5 |
         Abyss |   1153 |   1153 |      0 |     23 |    548 |   3 |  384.3 |
         Sewer |   1023 |   1023 |      0 |      0 |    696 |   1 | 1023.0 |
       Ossuary |    223 |    223 |      0 |      0 |    132 |   1 |  223.0 |
      Ice Cave |   2665 |   2665 |      0 |    100 |   2117 |   1 | 2665.0 |
      Gauntlet |    691 |    691 |      0 |     33 |    121 |   1 |  691.0 |
               +--------+--------+--------+--------+--------+-----+--------+

Top non-repeatable levels by time:
Spider:1: 4763 daAuts
Spider:3: 4242 daAuts
Vaults:1: 4180 daAuts
Vaults:3: 3912 daAuts
Vaults:4: 3818 daAuts
Vaults:5: 3801 daAuts
Shoals:4: 3795 daAuts
   Elf:3: 3734 daAuts
    D:14: 3577 daAuts
   Elf:2: 3525 daAuts
Vaults:2: 3392 daAuts
Shoals:1: 3305 daAuts
Spider:4: 3249 daAuts
    D:10: 3140 daAuts
   Elf:1: 3111 daAuts
